 Dungeon Crawl Stone Soup version 0.30.0-5-g1a98f26d00 (webtiles) character file.

Game seed: 12206136888363938331

172557 suduhmizer the Bludgeoner (level 17, -4/167 HPs)
             Began as a Troll Gladiator on May 13, 2023.
             Was a High Priest of Qazlal.
             Shot with an arrow by a satyr (20 damage)
             ... on level 3 of the Shoals.
             The game lasted 01:33:42 (28350 turns).

suduhmizer the Bludgeoner (Troll Gladiator)        Turns: 28350, Time: 01:33:42

Health: -4/167     AC: 19    Str: 28 (30) XL:     17   Next: 16%
Magic:  22/23      EV: 10    Int:  4      God:    Qazlal [*****.]
Gold:   5002       SH:  7    Dex: 13      Spells: 15/16 levels left

rFire   . . .        U - +2 giant spiked club (drain)
rCold   . . .        (shield currently unavailable)
rNeg    + + .        X - +0 pearl dragon scales
rPois   +            m - +1 hat of Riraics {+Inv rPois rCorr}
rElec   .            H - scarf {repulsion}
rCorr   +            (gloves unavailable)
SInv    +            (boots unavailable)
Will    +....        b - amulet of Irravo {rN+ Regen+} Stlth
                     G - ring of see invisible
HPRegen 2.07/turn    V - ring of poison resistance
MPRegen 0.18/turn

%: repel missiles
@: protected from physical damage
A: large, unfitting armour, claws 3, regeneration 1, shaggy fur 1, tough skin 1
}: 1/15 runes: gossamer
a: Renounce Religion, Evoke Invisibility, Upheaval, Elemental Force, Disaster
Area


You were on level 3 of the Shoals.
You worshipped Qazlal.
Qazlal was extremely pleased with you.
You visited 6 branches of the dungeon, and saw 27 of its levels.
You also visited: Bailey.

You collected 5581 gold pieces.
You spent 579 gold pieces at shops.

Inventory:

Hand Weapons
 w - a +4 whip
 P - a +2 battleaxe of flaming
 U - a +2 giant spiked club of draining (weapon)
Missiles
 c - 4 throwing nets
 J - 22 large rocks (quivered)
Armour
 j - a +1 hat
 m - the +1 hat of Riraics (worn) {+Inv rPois rCorr}
   (You found it on level 4 of the Spider Nest)

   rPois:     It protects you from poison.
   +Inv:      It lets you turn invisible.
   rCorr:     It protects you from acid and corrosion.
 n - a +1 cloak of willpower
 o - a +2 hat
 H - a scarf of repulsion (worn)
 N - the +2 robe of Noxious Birdsong {rPois Int+2 Dex+4}
   (You found it on level 11 of the Dungeon)

   Int:       It affects your intelligence (+2).
   Dex:       It affects your dexterity (+4).
   rPois:     It protects you from poison.
 T - a +1 robe of resistance
 X - +0 pearl dragon scales (worn)
Jewellery
 b - the amulet of Irravo (around neck) {rN+ Regen+}
   (You found it on level 2 of the Lair of Beasts)

   [amulet of regeneration]

   rN:        It protects you from negative energy.
   Regen:     It increases your rate of health regeneration.
 g - a ring of magical power
 u - a ring of flight
 v - a ring of protection from fire
 G - a ring of see invisible (left claw)
 V - a ring of poison resistance (right claw)
Wands
 a - a wand of digging (5)
 d - a wand of roots (28)
 q - a wand of flame (18)
 F - a wand of polymorph (8)
 I - a wand of charming (6)
 Q - a wand of light (9)
 R - a wand of mindburst (12)
Scrolls
 e - a scroll of teleportation
 i - 6 scrolls of fog
 p - 4 scrolls of amnesia
 s - 6 scrolls of poison
 y - 4 scrolls of magic mapping
 C - a scroll of silence {unknown}
 M - a scroll of butterflies {unknown}
 S - a scroll of blinking
 W - 4 scrolls of fear
 Z - 4 scrolls of enchant armour
Potions
 h - 10 potions of curing
 k - 3 potions of haste
 l - 10 potions of might
 r - 4 potions of berserk rage
 t - 4 potions of mutation
 x - 2 potions of resistance
 z - 7 potions of magic
 A - 6 potions of brilliance
 B - a potion of degeneration {unknown}
 D - 5 potions of flight
 E - 7 potions of ambrosia
 L - 4 potions of invisibility
 Y - a potion of attraction {unknown}


   Skills:
 - Level 10.7 Fighting
 * Level 16.4 Maces & Flails
 - Level 8.1 Throwing
 + Level 6.7 Armour
 + Level 7.3 Dodging
 - Level 15.7 Unarmed Combat
 - Level 10.0 Invocations


You had 15 spell levels left.
You knew the following spells:

 Your Spells              Type           Power      Damage    Failure   Level
a - Apportation           Tloc           0%         N/A       80%         1

Your spell library contained the following spells:

 Spells                   Type           Power      Damage    Failure   Level
 Kiss of Death            Conj/Necr      0%         2d5       80%         1
 Magic Dart               Conj           0%         1d3       80%         1
 Necrotise                Necr           0%         1d4       80%         1
 Summon Small Mammal      Summ           0%         N/A       80%         1
 Scorch                   Fire           0%         2d5       90%         2
 Searing Ray              Conj           0%         2d4       90%         2
 Call Canine Familiar     Summ           0%         N/A       99%         3
 Confusing Touch          Hex            0%         N/A       99%         3
 Ignite Poison            Fire/Tmut/Pois 0%         N/A       99%         3
 Inner Flame              Hex/Fire       0%         N/A       99%         3
 Portal Projectile        Hex/Tloc       0%         N/A       99%         3
 Stone Arrow              Conj/Erth      0%         3d7       99%         3
 Summon Guardian Golem    Hex/Summ       0%         N/A       99%         3
 Tukima's Dance           Hex            0%         N/A       99%         3
 Vampiric Draining        Necr           0%         2d6       99%         3
 Vhi's Electric Charge    Tloc/Air       0%         N/A       99%         3
 Animate Armour           Summ/Erth      0%         N/A       100%        4
 Dispel Undead            Necr           0%         3d6       100%        4
 Flame Wave               Conj/Fire      0%         2d4       100%        4
 Fulminant Prism          Conj/Hex       0%         3d5       100%        4
 Passage of Golubria      Tloc           0%         N/A       100%        4
 Sticky Flame             Conj/Fire      0%         2d3       100%        4
 Agony                    Necr           0%         N/A       100%        5
 Arcjolt                  Conj/Air       0%         1d10      100%        5
 Blade Hands              Tmut           0%         N/A       100%        5
 Irradiate                Conj/Tmut      0%         3d11      100%        5
 Silence                  Hex/Air        0%         N/A       100%        5
 Plasma Beam              Fire/Air       0%         2x1d11    100%        6
 Summon Cactus Giant      Summ           0%         N/A       100%        6
 Dragon Form              Tmut           0%         N/A       100%        7
 Ignition                 Fire           0%         3d3       100%        8
 Lehudib's Crystal Spear  Conj/Erth      0%         10d2      100%        8


Dungeon Overview and Level Annotations

Branches:
Dungeon (12/15)            Temple (1/1) D:7            Lair (5/5) D:10
 Shoals (3/4) Lair:3       Spider (4/4) Lair:3        Slime (0/5) Lair:5
    Orc (2/2) D:12            Elf (0/3) Orc:2        Bailey (visited)

Altars:
Ashenzari
Cheibriados
Dithmenos
Elyvilon
Fedhas
Gozag
Hepliaklqana
Kikubaaqudgha
Makhleb
Nemelex Xobeh
Okawaru
Qazlal
Ru
Sif Muna
Trog
Uskayaw
Vehumet
Wu Jian
Xom
Yredelemnul
Zin
The Shining One
Jiyva

Shops:
D:7 *![   Orc:2 [(*:   Shoals:1 [   Shoals:2 *:

Annotations:
D:4 1 runed translucent door, Crazy Yiuf
Lair:2 3 runed translucent doors, exclusion: 4 oklob plants, jasper's ghost, journeyman DsBe
Shoals:3 Ilsuiw


Innate Abilities, Weirdness & Mutations

You are too large for most types of armour.
You have claws for hands.
Your natural rate of healing is unusually fast.
You are covered in fur. (AC +1)
You have tough skin. (AC +1)


Message History

The water elemental hits the plant.
The plant begins to die.
The water elemental engulfs the plant in water!
The water elemental hits you!
* * * LOW HITPOINT WARNING * * *
The water elemental barely misses you. The merfolk barely misses you.
You block Ilsuiw's attack.
You sock the skyshark!
You kill the skyshark!
Qazlal accepts your kill.
* * * LOW HITPOINT WARNING * * *
Your lungs strain for air!
Your surroundings suddenly seem different.
Splash!
You fall into the shallow water.
The water engulfing you falls away.
You gasp with relief as air once again reaches your lungs.
You hear a shout!
As you read the scroll of teleportation, it crumbles to dust.
You feel strangely unstable.
You hear an angry hiss.
Blink to where?
Press: ? - help, Dir - move target, p - Ilsuiw Splash!
You fall into the shallow water.
A cyclops comes into view.
As you read the scroll of blinking, it crumbles to dust.
The cyclops shouts!
You hear an angry hiss.
You hear a shout! x3
You thump the cyclops!
The cyclops is moderately wounded.
You hit the cyclops but do no damage. You drain the cyclops.
The cyclops is moderately wounded.
Your surroundings suddenly seem different.
A satyr comes into view. It is wielding a +0 club.
The satyr unwields a +0 club.
The satyr wields a +0 longbow.
The satyr shoots an arrow.
The arrow barely misses you.
Found a wand of polymorph (5).
The satyr shoots an arrow.
The arrow hits you!!
* * * LOW HITPOINT WARNING * * *
You flatten the satyr like a pancake!!!
The satyr is severely wounded.
The satyr shoots an arrow.
The arrow hits you!!
You die...

≈≈≈≈≈~~~~~~~~≈≈≈≈≈
#.~~~~≈≈≈≈~~~~~~~~≈≈≈≈≈
.~~~~≈≈≈≈≈≈≈~~~~~≈≈≈≈≈
##.~≈≈≈≈≈≈≈~~~~..~≈≈≈≈≈
#..~≈≈~~≈≈≈≈~~~~~~≈≈~≈≈
##.~~~...~~~~~...~~~~
###..~~○☼○....~~...~~^~
....~~....○...$.....:.
~~~~~°..@c...../
~~~~~°..###.....
~~~~~.### .## ~~~~.
~~~~ ~~~ P~ ~


You could see a satyr.

Vanquished Creatures
  Mlioglotl (Shoals:3)
  Polyphemus (Shoals:3)
  5 emperor scorpions
  5 ghost moths
  An orc warlord (Orc:2)
  2 spark wasps (Spider:4)
  Azrael (Spider:3)
  2 merfolk javelineers
  2 entropy weavers
  2 merfolk impalers
  2 hydras
  A centaur warrior (Shoals:1)
  3 jorogumos
  A radroach (Spider:2)
  A catoblepas (Lair:5)
  A boulder beetle (Spider:1)
  A deep troll shaman (Lair:5)
  8 death scarabs (Spider:4)
  A tengu warrior (D:12)
  13 death yaks
  A satyr (Shoals:2)
  5 two-headed ogres
  3 orc high priests
  6 skysharks
  8 pharaoh ants
  A skeletal warrior (D:12)
  6 sea snakes
  6 orb spiders
  A lindwurm (Lair:5)
  3 harpies
  A deep elf archer (D:12)
  4 steelbarb worms
  A spectral wolf spider (Spider:4)
  4 orc knights (Orc:2)
  3 ugly things
  18 wolf spiders
  2 oklob plants
  3 moths of wrath
  6 cyclopes
  3 fauns (Shoals:1)
  8 manticores
  4 demonic crawlers
  5 merfolk sirens
  5 black mambas
  28 elephants
  11 cane toads
  Maggie (D:7)
  5 spectral redbacks (Spider:4)
  4 torpor snails
  6 rime drakes
  9 komodo dragons
  An efreet (D:12)
  5 trolls
  A hornet (Lair:3)
  2 polar bears
  A queen bee (Lair:2)
  9 merfolk
  A spectral culicivora (Spider:4)
  3 wind drakes
  3 meliai (Spider:4)
  A hornet (shapeshifter) (D:12)
  Prince Ribbit (D:7)
  2 spectral tarantellas (Spider:4)
  3 snapping turtles
  24 tarantellas
  A spectral jumping spider (Spider:4)
  2 dream sheep (Lair:5)
  18 blink frogs
  A tarantella zombie (Spider:4)
  2 culicivora zombies (Spider:4)
  Sigmund (D:3)
  14 jumping spiders
  3 vampires
  7 wyverns
  3 wraiths (D:12)
  A shadow (D:11)
  5 humans (Bailey)
  13 culicivoras
  4 fire elementals (Spider:3)
  2 water elementals
  6 basilisks
  47 redbacks
  2 steam dragons (D:9)
  68 yaks
  Menkaure (D:7)
  A warg (Orc:2)
  Edmund (D:5)
  2 acid dragons (D:12)
  16 water moccasins
  2 hell hounds (Spider:3)
  Duvessa (D:5)
  38 orc warriors
  4 black bears
  2 sky beasts
  4 ogres
  24 wolves
  10 centaurs
  A phantom (D:5)
  2 kobold brigands
  2 scorpions
  16 bullfrogs
  5 wights (D:9)
  Dowan (D:5)
  38 killer bees
  7 howler monkeys
  2 quasits (D:4)
  2 jellies (D:5)
  23 orc priests
  Ijyb (D:3)
  6 hounds
  6 iguanas
  22 orc wizards
  6 hell rats
  4 gnolls
  8 adders
  2 river rats
  2 shadow imps (D:4)
  6 white imps
  A worm (D:4)
  3 dart slugs
  146 orcs
  6 bats
  9 endoplasms
  3 giant cockroaches (D:2)
  7 goblins
  7 hobgoblins
  9 kobolds
  4 quokkas
  9 ball pythons
  4 frilled lizards
  4 rats
962 creatures vanquished.

Vanquished Creatures (collateral kills)
  An emperor scorpion (Spider:4)
  A pharaoh ant (Spider:4)
  An orb spider (Spider:2)
3 creatures vanquished.

Vanquished Creatures (others)
  A merfolk avatar (Shoals:2)
  A yak (Lair:3)
2 creatures vanquished.

Grand Total: 967 creatures vanquished

Notes
Turn   | Place    | Note
-------+----------+-------------------------------------------
     0 | D:1      | suduhmizer the Troll Gladiator began the quest for the Orb.
     0 | D:1      | Reached XP level 1. HP: 19/19 MP: 0/0
    74 | D:1      | Reached XP level 2. HP: 28/28 MP: 1/1
   821 | D:2      | Reached XP level 3. HP: 31/35 MP: 2/2
  1135 | D:2      | Reached XP level 4. HP: 42/42 MP: 3/3
  1335 | D:3      | Noticed a black bear
  1460 | D:3      | Noticed Ijyb
  1469 | D:3      | Killed Ijyb
  1490 | D:3      | Noticed an orc warrior
  1719 | D:4      | Reached XP level 5. HP: 48/50 MP: 4/4
  1815 | D:4      | Reached skill level 5 in Unarmed Combat
  1931 | D:4      | Reached XP level 6. HP: 51/61 MP: 5/5
  2244 | D:4      | Found a runed translucent door.
  2245 | D:4      | Noticed Crazy Yiuf
  2493 | D:5      | Entered Level 5 of the Dungeon
  2511 | D:5      | Identified the +8 dagger of Wu Jian's Reproof {drain,
                  | Int+3}
  2644 | D:5      | Reached XP level 7. HP: 66/67 MP: 6/6
  2964 | D:5      | Noticed Edmund
  2971 | D:5      | HP: 1/67 [Edmund/+4 flail of holy wrath (12)]
  2985 | D:5      | Killed Edmund
  3133 | D:5      | Noticed Duvessa
  3134 | D:5      | Noticed Dowan
  3141 | D:5      | Killed Duvessa
  3152 | D:5      | Killed Dowan
  3153 | D:5      | Reached XP level 8. HP: 69/78 MP: 7/7
  3654 | D:6      | Reached skill level 5 in Throwing
  4394 | D:7      | Noticed Prince Ribbit
  4394 | D:7      | Found a flagged portal.
  4394 | D:7      | Found Restul's Distillery.
  4433 | D:7      | Found Gase's Armour Emporium.
  4476 | D:7      | Noticed Menkaure
  4479 | D:7      | Killed Menkaure
  4580 | D:7      | Found a staircase to the Ecumenical Temple.
  4595 | D:7      | Reached skill level 5 in Fighting
  4619 | Temple   | Entered the Ecumenical Temple
  4695 | Temple   | Became a worshipper of Qazlal Stormbringer
  4746 | D:7      | Noticed Maggie
  4769 | Bailey   | Entered a bailey
  4803 | Bailey   | Reached XP level 9. HP: 80/88 MP: 8/8
  4950 | Bailey   | Reached skill level 10 in Unarmed Combat
  5034 | Bailey   | Noticed a vault guard
  5224 | D:3      | Reached * piety under Qazlal
  5232 | D:3      | Noticed Sigmund
  5238 | D:3      | Killed Sigmund
  5686 | D:7      | Killed Maggie
  5687 | D:7      | Reached XP level 10. HP: 35/98 MP: 9/9
  5725 | D:7      | Killed Prince Ribbit
  5766 | D:7      | Found Werrus's General Store.
  6128 | D:8      | Found a basalt altar of Yredelemnul.
  6134 | D:8      | Found a bloodstained altar of Trog.
  6299 | D:8      | Found a white marble altar of Elyvilon.
  6301 | D:8      | Found a shadowy altar of Dithmenos.
  6302 | D:8      | Found a broken altar of Ashenzari.
  6310 | D:8      | Found a hide-covered altar of Uskayaw.
  6312 | D:8      | Found a shimmering blue altar of Sif Muna.
  6313 | D:8      | Found a sparkling altar of Nemelex Xobeh.
  6315 | D:8      | Found a radiant altar of Vehumet.
  6318 | D:8      | Found an ornate altar of the Wu Jian Council.
  6321 | D:8      | Found a burning altar of Makhleb.
  6735 | D:9      | Reached ** piety under Qazlal
  7347 | D:9      | Reached *** piety under Qazlal
  7652 | D:9      | Noticed a lindwurm
  7667 | D:9      | Noticed a lindwurm
  7712 | D:10     | Entered Level 10 of the Dungeon
  7899 | D:10     | Found a staircase to the Lair.
  7978 | D:10     | Noticed a two-headed ogre
  7985 | D:10     | Killed a two-headed ogre
  7986 | D:10     | Reached XP level 11. HP: 109/109 MP: 10/10
  8562 | D:11     | Noticed a two-headed ogre
  8607 | D:11     | Noticed a white ugly thing
  8634 | Lair:1   | Entered Level 1 of the Lair of Beasts
  8811 | Lair:1   | Reached skill level 1 in Maces & Flails
  8839 | Lair:1   | Reached skill level 2 in Maces & Flails
  8964 | Lair:2   | Reached **** piety under Qazlal
  9209 | Lair:1   | Reached skill level 3 in Maces & Flails
  9857 | Lair:2   | Reached skill level 4 in Maces & Flails
 10026 | Lair:2   | Reached XP level 12. HP: 89/122 MP: 11/11
 10447 | Lair:2   | Reached ***** piety under Qazlal
 10460 | Lair:2   | Reached skill level 5 in Maces & Flails
 10721 | Lair:2   | Found a runed translucent gate.
 10721 | Lair:2   | Found a runed translucent gate.
 10721 | Lair:2   | Found a runed translucent gate.
 10731 | Lair:2   | Noticed jasper's ghost (journeyman DsBe)
 10731 | Lair:2   | Noticed a 13-headed hydra
 10774 | Lair:2   | Identified a scroll of acquirement
 10775 | Lair:2   | Acquired 1255 gold pieces
 10876 | Lair:2   | Identified the amulet of Irravo {rN+ Regen+}
 11044 | Lair:3   | Reached skill level 1 in Invocations
 11095 | Lair:3   | Noticed an eight-headed hydra
 11339 | Lair:3   | Found a staircase to the Shoals.
 11379 | Lair:3   | Killed a six-headed hydra
 11380 | Lair:3   | Reached skill level 6 in Maces & Flails
 11543 | Lair:3   | Found a hole to the Spider Nest.
 11592 | Lair:3   | Reached XP level 13. HP: 133/133 MP: 14/14
 12073 | Lair:3   | Reached skill level 7 in Maces & Flails
 12126 | Lair:3   | Reached skill level 10 in Fighting
 12374 | Lair:4   | Reached skill level 5 in Invocations
 12438 | Lair:4   | Reached skill level 8 in Maces & Flails
 13210 | Lair:5   | Entered Level 5 of the Lair of Beasts
 13230 | Lair:4   | Reached skill level 9 in Maces & Flails
 13460 | Lair:5   | Reached ****** piety under Qazlal
 13625 | Lair:5   | Reached XP level 14. HP: 132/143 MP: 19/19
 13667 | Lair:5   | Reached skill level 10 in Maces & Flails
 14211 | Lair:5   | Identified the +1 scale mail of Danaimeg {+Blink Dex-4
                  | Stlth+}
 14404 | Lair:5   | Reached skill level 11 in Maces & Flails
 14660 | Lair:5   | Found a viscous altar of Jiyva.
 14660 | Lair:5   | Found a staircase to the Slime Pits.
 15105 | D:11     | Reached skill level 15 in Unarmed Combat
 15113 | D:11     | Reached skill level 10 in Invocations
 15774 | D:11     | Identified the +2 robe of Noxious Birdsong {rPois Int+2
                  | Dex+4}
 16502 | D:12     | Found a staircase to the Orcish Mines.
 16559 | D:12     | Reached skill level 12 in Maces & Flails
 16892 | D:12     | Noticed a frost giant
 16958 | Orc:1    | Entered Level 1 of the Orcish Mines
 17154 | Orc:1    | You fall into a shaft and drop 1 floor!
 17154 | Orc:2    | Entered Level 2 of the Orcish Mines
 17339 | Orc:1    | Found a bloodstained altar of Trog.
 17357 | Orc:1    | Reached XP level 15. HP: 152/152 MP: 21/21
 17522 | Orc:2    | Found Duypn's Book Shoppe.
 17538 | Orc:2    | Found a staircase to the Elven Halls.
 17541 | Orc:2    | Found Zilipiok's Assorted Antiques.
 18174 | Orc:2    | Found a radiant altar of Vehumet.
 18307 | Orc:2    | Found Piekk's Antique Weapon Shop.
 18310 | Orc:2    | Found Qonaj's Antique Armour Boutique.
 18323 | Orc:2    | Bought a runed cloak for 172 gold pieces
 18679 | D:7      | Bought a potion of invisibility for 88 gold pieces
 18679 | D:7      | Bought a potion of might for 44 gold pieces
 18679 | D:7      | Bought a potion of flight for 33 gold pieces
 18679 | D:7      | Bought a potion of curing for 33 gold pieces
 18679 | D:7      | Bought a potion of curing for 33 gold pieces
 18679 | D:7      | Bought a potion of might for 44 gold pieces
 18687 | D:7      | Bought a scroll of fog for 64 gold pieces
 18687 | D:7      | Bought a scroll of identify for 32 gold pieces
 19004 | Spider:1 | Entered Level 1 of the Spider Nest
 19622 | Spider:1 | Reached skill level 13 in Maces & Flails
 19894 | Spider:1 | Noticed an emperor scorpion
 19904 | Spider:1 | Killed an emperor scorpion
 20002 | Spider:1 | You fall into a shaft and drop 1 floor!
 20019 | Spider:2 | Reached skill level 1 in Armour
 21817 | Spider:3 | Reached skill level 14 in Maces & Flails
 22813 | Spider:3 | Noticed Azrael
 22818 | Spider:3 | Killed Azrael
 22819 | Spider:3 | Reached XP level 16. HP: 153/161 MP: 22/22
 23450 | Spider:4 | Entered Level 4 of the Spider Nest
 23752 | Spider:3 | Reached skill level 5 in Dodging
 24945 | Spider:4 | Reached skill level 15 in Maces & Flails
 25293 | Spider:4 | Reached skill level 5 in Armour
 26465 | Spider:4 | Identified the +1 hat of Riraics {+Inv rPois rCorr}
 26496 | Spider:4 | Got a gossamer rune of Zot
 26844 | Shoals:1 | Entered Level 1 of the Shoals
 26995 | Shoals:1 | Identified the +5 dagger "Cohaobb" {protect, rC+ Dex+2}
 27009 | Shoals:1 | Found Ylathriag's Antique Armour Boutique.
 27023 | Shoals:1 | Identified the +5 war axe of Tortfeasance {drain, Stlth+}
 27542 | Shoals:2 | Found Ukaj's General Store.
 27675 | Shoals:2 | Reached skill level 16 in Maces & Flails
 27833 | Shoals:2 | Reached XP level 17. HP: 128/167 MP: 23/23
 27944 | Shoals:2 | Found Titoxaen's Book Boutique.
 28198 | Shoals:2 | Bought a scroll of identify for 36 gold pieces
 28203 | Shoals:2 | Learned a level 1 spell: Apportation
 28267 | Shoals:3 | Noticed Mlioglotl
 28275 | Shoals:3 | Noticed a bone dragon
 28275 | Shoals:3 | Killed Mlioglotl
 28277 | Shoals:3 | Noticed Ilsuiw
 28278 | Shoals:3 | Noticed Polyphemus
 28327 | Shoals:3 | Killed Polyphemus
 28350 | Shoals:3 | Shot with an arrow by a satyr

Illustrated notes

Levels and vault maps discovered:
D:1:      matt_arrival_los_fun, layout_basic, serial_curves, eino_curves_03,
          eino_curves_02
D:2:      layout_rooms, serial_forest, infiniplex_forest_straight_3,
          infiniplex_forest_diagonal, infiniplex_forest_corner_2,
          infiniplex_forest_straight_4, infiniplex_forest_lined_3_way
D:3:      layout_rooms, uniq_ijyb, uniq_sigmund
D:4:      layout_loops_ring, serial_demonic, serial_demonic_a, serial_demonic_d,
          serial_demonic_d, serial_demonic_f, uniq_crazy_yiuf_cottage
D:5:      layout_layer_cave, uniq_edmund, uniq_duvessa
D:6:      layout_basic, minivault_22, st_stairs_6
D:7:      layout_rooms, minmay_temple_entry_mini_moons, serial_shops, shop,
          shop, shop, enter_bailey_2, minivault_27, uniq_prince_ribbit1,
          uniq_menkaure, uniq_maggie
D:8:      layout_loops_ring, nicolae_overflow_hallway_of_the_gods,
          gammafunk_temple_overflow_statue
D:9:      layout_roguey [special_room_orc], minmay_lindwurm_lava
D:10:     layout_basic, lair_entry_dummy
D:11:     layout_cave_pods, serial_co_window_serial, co_window_corner_a,
          co_window_corner_a, co_window_paths_b, co_window_corner_a,
          co_window_paths_a, co_window_corner_a, co_window_paths_b,
          co_window_paths_a, co_window_of_opportunity_a, co_window_2corner,
          co_window_unsneaky_path_d, co_window_unsneaky_path_b,
          co_window_broadway_a, co_window_unsneaky_path_b, glass_columns_b,
          glass_columns_c, glass_columns_a, glass_columns_c, glass_columns_b
D:12:     minmay_shrinking_squares, layout_loops_ring, hiddenorc2_lemuel
Temple:   jpeg_temple_clearing
Lair:1:   layout_regular_city
Lair:2:   hangedman_what_comes_after_a, layout_regular_city,
          gammafunk_ghost_hydra_chop, st_stairs_13, minmay_hedge_maze
Lair:3:   layout_big_grid, nicolae_shoals_entry_roost, spider_nest_entry_webs
Lair:4:   layout_hall_layers, minivault_24, grunt_megastairs_2,
          lemuel_fruit_fields
Lair:5:   grunt_lair_end_beastmaster, layout_regular_city,
          dpeg_slime_entry_corner, dreamdust_mushroom_princess,
          grunt_megastairs_4, serial_bayou_shore_a, lemuel_fruit_fields
Shoals:1: layout_shoals, serial_shops, nicolae_diamond_shop
Shoals:2: layout_shoals, serial_shops, nicolae_stop_n_shop_2, shop, shop,
          nicolae_shop_tiny_statue_garden, hangedman_shoals_cup_caves
Shoals:3: layout_shoals, uniq_ilsuiw, uniq_polyphemus, uniq_mlioglotl
Spider:1: layout_spider_delve
Spider:2: nicolae_spider_mines_3, hive_lemuel
Spider:3: layout_cave_pods, uniq_azrael
Spider:4: floodkiller_spider_rune_tomb, hangedman_spider_tarantella_strand
Orc:1:    layout_diamond_mine, trog_butcher_becter
Orc:2:    grunt_orc_community_town_hall, layout_caves,
          grunt_orc_community_big_house_1, grunt_orc_community_big_house_1,
          grunt_orc_community_house_2, grunt_orc_community_house_2,
          grunt_orc_community_house_2, grunt_orc_community_house_2,
          grunt_orc_community_house_2, grunt_orc_community_house_1, basic_altar

Skill      XL: |  1  2  3  4  5  6  7  8  9 10 11 12 13 14 15 16 |
---------------+-------------------------------------------------+-----
Throwing       | 2 3 4 5 6 8 |  8.1
Fighting       | 2 3 4 5 6 7 8 9 10 | 10.7
Unarmed Combat | 4 5 6 7 9 10 12 14 15 | 15.7
Maces & Flails | 4 6 9 12 14 16 | 16.4
Invocations    | 3 8 10 | 10.0
Armour         | 3 6 |  6.7
Dodging        | 4 7 |  7.3

Action                     |  1- 3 |  4- 6 |  7- 9 | 10-12 | 13-15 | 16-18 || total
---------------------------+-------+-------+-------+-------+-------+-------++-------
  Melee: Unarmed           |    94 |   130 |   240 |   567 |  1211 |   276 ||  2518
         Punch             |     1 |     3 |    19 |    45 |   117 |    27 ||   212
         Battleaxe         |       |       |       |     2 |     3 |       ||     5
         Giant spiked club |       |       |       |       |       |   219 ||   219
  Throw: Large rock        |       |     1 |       |     1 |    40 |    77 ||   119
         Throwing net      |       |       |       |     2 |       |       ||     2
 Invoke: Disaster Area     |       |       |       |       |     3 |     5 ||     8
         Elemental Force   |       |       |       |       |     1 |     1 ||     2
  Evoke: Wand              |       |       |       |       |     4 |       ||     4
    Use: Potion            |       |       |     3 |       |     8 |     4 ||    15
         Scroll            |       |       |     8 |     7 |    12 |    14 ||    41
   Stab: Sleeping          |       |     1 |       |       |       |       ||     1
 Armour: Robe              |    45 |    58 |    48 |    45 |       |       ||   196
         Pearl dragon scal |       |       |       |   203 |   538 |   347 ||  1088
  Dodge: Dodged            |    65 |    81 |   103 |   252 |   389 |   288 ||  1178
         Repelled          |       |       |       |     2 |     6 |     2 ||    10
  Block: Other             |       |       |     3 |   127 |   430 |   249 ||   809
